 Dungeon Crawl Stone Soup version 0.21-a0-426-g98080a9 (webtiles) character file.

789 tilp the Thaumaturge (level 7, 0/40 HPs)
             Began as a Deep Elf Fire Elementalist on Nov 5, 2017.
             Was an Initiate of Vehumet.
             Killed from afar by Blork the orc (5 damage)
             ... with a puff of frost
             ... on level 5 of the Dungeon.
             The game lasted 00:13:54 (4873 turns).

tilp the Thaumaturge (Deep Elf Fire Elementalist)   Turns: 4873, Time: 00:13:55

Health: 0/40       AC:  4    Str:  5    XL:     7   Next: 56%
Magic:  6/21       EV: 13    Int: 22    God:    Vehumet [......]
Gold:   146        SH:  0    Dex: 15    Spells: 11/24 levels left

rFire    . . .     SeeInvis .   j - -1 mace (curse)
rCold    . . .     Gourm    .   (no shield)
rNeg     . . .     Faith    .   e - +0 robe
rPois    .         Spirit   .   (no helmet)
rElec    .         Reflect  .   g - +0 cloak
rCorr    .         Harm     .   (no gloves)
MR       .....                  k - +0 pair of boots
Stlth    ++........             (no amulet)
HPRegen  0.13/turn              (no ring)
MPRegen  0.17/turn              (no ring)

@: no status effects
A: no striking features
a: Renounce Religion


You were on level 5 of the Dungeon.
You worshipped Vehumet.
Vehumet was noncommittal.
You were not hungry.

You visited 2 branches of the dungeon, and saw 6 of its levels.

You collected 146 gold pieces.

Inventory:

Hand Weapons
 a - a +0 spear
 j - a cursed -1 mace (weapon)
 m - a cursed -2 dagger
 q - a +0 hunting sling
 t - a +0 war axe
Missiles
 p - 96 stones (quivered)
 F - 28 sling bullets
Armour
 e - a +0 robe (worn)
 g - a +0 cloak (worn)
 k - a +0 pair of boots (worn)
Jewellery
 o - an uncursed amulet of faith {unknown}
 r - an uncursed ring of protection from magic {unknown}
 B - a +4 amulet of reflection {unknown}
Scrolls
 h - 2 scrolls of identify {unknown}
 i - a scroll of teleportation {unknown}
 l - 4 scrolls of magic mapping {unknown}
 v - a scroll of enchant armour {unknown}
 y - a scroll of recharging {unknown}
 A - 3 scrolls of remove curse {unknown}
 D - a scroll of amnesia {unknown}
 E - a scroll of enchant weapon {unknown}
Potions
 d - a potion of lignification {unknown}
 n - 2 potions of haste {unknown}
 s - a potion of magic {unknown}
 u - a potion of heal wounds {unknown}
 x - 2 potions of curing {unknown}
 z - a potion of degeneration {unknown}
 C - a potion of mutation {unknown}
Books
 b - a book of Flames

   Spells                             Type                      Level
   a - Flame Tongue                   Conjuration/Fire             1
   b - Throw Flame                    Conjuration/Fire             2
   c - Conjure Flame                  Conjuration/Fire             3
   d - Inner Flame                    Hexes/Fire                   3
   e - Sticky Flame                   Conjuration/Fire             4
   f - Fireball                       Conjuration/Fire             5
 w - a book of Minor Magic

   Spells                             Type                      Level
   a - Magic Dart                     Conjuration                  1
   b - Blink                          Translocation                2
   c - Call Imp                       Summoning                    2
   d - Slow                           Hexes                        2
   e - Conjure Flame                  Conjuration/Fire             3
   f - Mephitic Cloud                 Conjuration/Poison/Air       3
Comestibles
 c - 4 bread rations
 f - 6 fruits


   Skills:
 - Level 2.3 Fighting
 - Level 2.4 Dodging
 - Level 2.4 Stealth
 + Level 9.1 Spellcasting
 - Level 4.0 Conjurations
 - Level 4.1 Fire Magic


You had 11 spell levels left.
You knew the following spells:

 Your Spells              Type           Power        Failure   Level  Hunger
a - Flame Tongue          Conj/Fire      ####.        1%          1    None
b - Throw Flame           Conj/Fire      ####..       1%          2    None
c - Conjure Flame         Conj/Fire      ####....     3%          3    None
d - Sticky Flame          Conj/Fire      ####....     12%         4    ##.....
e - Magic Dart            Conj           ####         1%          1    None
f - Blink                 Tloc           N/A          10%         2    None


Dungeon Overview and Level Annotations

Branches:
Dungeon (5/15)             Temple (1/1) D:5

Altars:
Ashenzari
Cheibriados
Dithmenos
Fedhas
Gozag
Hepliaklqana
Kikubaaqudgha
Makhleb
Nemelex Xobeh
Okawaru
Qazlal
Ru
Vehumet
Xom
Yredelemnul
Zin
The Shining One

Shops:
D:4 :

Annotations:
D:4 Mitsuki's ghost, novice GnSk
D:5 Blork the orc; Duvessa


Message History

Duvessa burns!
Duvessa burns!
Duvessa hits you with a short sword!
* * * LOW HITPOINT WARNING * * *
Duvessa burns!
Duvessa stops burning.
Duvessa hits you with a short sword.
* * * LOW HITPOINT WARNING * * *
Duvessa hits you with a short sword.
* * * LOW HITPOINT WARNING * * *
Casting: Sticky Flame
Confirm with . or Enter, or press ? or * to list all spells.
Aiming: Sticky Flame
Press: ? - help, Shift-Dir - straight line, f/p - Duvessa
Aim: Duvessa, wielding a short sword and wearing a ring mail (severely wounded, berserk, fast, unusually strong)
The sticky flame hits Duvessa.
Duvessa is severely wounded.
Duvessa is covered in liquid flames!
Duvessa burns!
Duvessa misses you.
Duvessa burns!
Blork the orc casts a spell at you. The puff of frost hits you!
You die...

#.....#)...#........ ...# #
#.#...#....#.......# #..# # #
#...#............###..# #
####....................## #
#........................# #
####.##............###...####
#......o.<#...............
###..##e.........≈≈≈≈≈....
#......@.....≈≈≈≈≈≈≈≈≈..
#..##......≈≈≈≈≈≈≈≈≈≈≈≈≈
#..##.....≈≈≈≈≈≈...≈≈≈≈≈
#...#.....≈≈≈≈≈≈.>.≈≈≈≈≈
..........≈≈≈≈≈≈...≈≈≈≈≈
..#..#)....≈≈≈≈≈≈≈≈≈≈≈≈≈≈
......#..#...≈≈≈≈≈≈≈≈≈≈≈≈≈
....#...........≈≈≈≈≈≈≈≈≈..
.....##.# #.......≈≈≈≈≈....


You could see Duvessa (berserk) and Blork the orc.

Vanquished Creatures
  Sigmund (D:4)
  An ogre (D:4)
  A scorpion (D:4)
  Dowan (D:5)
  A hound (D:4)
  An orc wizard (D:4)
  Natasha (thrice) (D:2)
  3 worker ants (D:4)
  A howler monkey zombie (D:5)
  13 gnolls
  6 adders
  An ooze (D:4)
  A worm (D:3)
  A dart slug (D:2)
  4 orcs (D:4)
  3 giant cockroaches (D:1)
  4 goblins
  3 hobgoblins
  7 bats
  A frilled lizard (D:2)
  2 kobolds (D:2)
  7 rats
66 creatures vanquished.

Notes
Turn   | Place    | Note
-------+----------+-------------------------------------------
     0 | D:1      | tilp the Deep Elf Fire Elementalist began the quest for the Orb.
     0 | D:1      | Reached XP level 1. HP: 10/10 MP: 6/6
   427 | D:1      | Reached XP level 2. HP: 15/15 MP: 4/8
   465 | D:1      | Learned a level 2 spell: Throw Flame
  1264 | D:2      | Reached XP level 3. HP: 19/19 MP: 7/10
  1269 | D:2      | Learned a level 3 spell: Conjure Flame
  1672 | D:2      | Noticed Natasha
  1677 | D:2      | Killed Natasha
  1677 | D:2      | Reached skill level 4 in Spellcasting
  1677 | D:2      | Reached XP level 4. HP: 24/24 MP: 2/12
  1750 | D:2      | Learned a level 1 spell: Magic Dart
  1755 | D:2      | Learned a level 4 spell: Sticky Flame
  1910 | D:2      | Noticed Natasha
  1911 | D:2      | Killed Natasha
  1963 | D:2      | Noticed Natasha
  1979 | D:2      | Killed Natasha
  1979 | D:2      | Reached XP level 5. HP: 9/28 MP: 0/13
  2194 | D:2      | Learned a level 2 spell: Blink
  2203 | D:3      | Reached skill level 1 in Fighting
  2491 | D:3      | Reached skill level 5 in Spellcasting
  3011 | D:4      | Reached XP level 6. HP: 35/35 MP: 10/16
  3141 | D:4      | Noticed Mitsuki's ghost (novice GnSk)
  3149 | D:4      | Reached skill level 6 in Spellcasting
  3483 | D:4      | Reached skill level 7 in Spellcasting
  3595 | D:4      | Found a hazy altar of Hepliaklqana.
  3978 | D:4      | Reached XP level 7. HP: 35/40 MP: 15/19
  4041 | D:4      | Noticed an angel
  4042 | D:4      | Found a glowing silver altar of Zin.
  4447 | D:4      | Noticed Sigmund
  4453 | D:4      | Killed Sigmund
  4453 | D:4      | Reached skill level 8 in Spellcasting
  4455 | D:4      | Found Jaeps's Book Shop.
  4636 | D:5      | Entered Level 5 of the Dungeon
  4657 | D:5      | Found a staircase to the Ecumenical Temple.
  4680 | Temple   | Entered the Ecumenical Temple
  4799 | Temple   | Became a worshipper of Vehumet
  4847 | D:5      | Noticed Dowan
  4856 | D:5      | Noticed Duvessa
  4859 | D:5      | Killed Dowan
  4859 | D:5      | Reached skill level 9 in Spellcasting
  4862 | D:5      | Noticed Blork the orc
  4873 | D:5      | Killed from afar by Blork the orc

Vault maps used:
D:1:      matt_arrival_debris
D:2:      first_bread, uniq_natasha
D:4:      kennysheep_mini_moat, zin_angel, serial_shops,
          nicolae_shop_waterfront, uniq_sigmund
D:5:      temple_pool_b, serial_shops, nicolae_shop_behind_doors,
          nicolae_shop_statue_plus, shop, minivault_1, uniq_blork_the_orc,
          uniq_duvessa
Temple:   regret_index_temple_waves

Skill      XL: |  1  2  3  4  5  6  7 |
---------------+----------------------+-----
Conjurations   | 2 3 4 |  4.0
Spellcasting   | 4 5 7 9 |  9.1
Fire Magic     | 4 |  4.1
Fighting       | 1 2 |  2.3
Dodging        | |  2.4
Stealth        | |  2.4

Action                   |  1- 3 |  4- 6 |  7- 9 || total
-------------------------+-------+-------+-------++-------
Melee: Mace              |     2 |     3 |     1 ||     6
 Cast: Flame Tongue      |    29 |    77 |    22 ||   128
       Throw Flame       |    17 |    23 |     3 ||    43
       Conjure Flame     |     1 |     5 |       ||     6
       Sticky Flame      |       |     3 |     3 ||     6
  Eat: Chunk             |     3 |     6 |       ||     9
       Royal jelly       |       |     1 |     1 ||     2
Armor: Robe              |     2 |     1 |     1 ||     4
Dodge: Dodged            |     7 |    12 |     6 ||    25

Table legend:
 A = Spawn XP
 B = Non-spawn XP
 C = Spawn XP percentage of total XP
 D = Spawn monster count
 E = Non-spawn monster count
 F = Spawn count percentage of total count
 G = Total turns spent on level
                    A         B        C        D         E        F      G
               +---------+---------+-------+---------+---------+-------+---------
         Total |       0 |    1128 |   0.0 |       0 |      66 |   0.0 |  4873
               +---------+---------+-------+---------+---------+-------+---------
           D:1 |       0 |      21 |   0.0 |       0 |      13 |   0.0 |  1044
           D:2 |       0 |     189 |   0.0 |       0 |      16 |   0.0 |  1151
           D:3 |       0 |     142 |   0.0 |       0 |      17 |   0.0 |  1336
           D:4 |       0 |     694 |   0.0 |       0 |      18 |   0.0 |  1105
           D:5 |       0 |      82 |   0.0 |       0 |       2 |   0.0 |    98
               +---------+---------+-------+---------+---------+-------+---------
